 Dungeon Crawl Stone Soup version 0.30.0-29-ga12c61a403 (webtiles) character file.

Game seed: 182405740913882099

19 qw the Shield-Bearer (level 2, 0/19 HPs)
             Began as a Gargoyle Fighter on June 4, 2023.
             Slain by a black bear (2 damage)
             ... on level 2 of the Dungeon.
             The game lasted 00:00:21 (1087 turns).

qw the Shield-Bearer (Gargoyle Fighter)             Turns: 1087, Time: 00:00:22

Health: 0/19       AC: 11    Str: 19    XL:     2   Next: 75%
Magic:  2/2        EV:  7    Int:  8    God:
Gold:   41         SH:  4    Dex:  9    Spells: 1/1 levels left

rFire   . . .        Y - +0 war axe
rCold   . . .        c - +0 buckler
rNeg    + . .        e - +0 chain mail
rPois   inf          (no helmet)
rElec   +            (no cloak)
rCorr   .            (no gloves)
SInv    .            (no boots)
Will    .....        (no amulet) Stlth
                     (no ring)
HPRegen 0.23/turn    (no ring)
MPRegen 0.08/turn

%: no passive effects
@: no status effects
A: sickness immunity, AC +2, negative energy resistance 1, electricity
resistance, torment resistance 1, petrification resistance
a: no special abilities


You were on level 2 of the Dungeon.
You visited 1 branch of the dungeon, and saw 2 of its levels.

You collected 41 gold pieces.


Innate Abilities, Weirdness & Mutations

You are immune to sickness and miasma.
Your stone body is resilient. (AC +2)
You are immune to poison.
You resist negative energy. (rN+)
You are resistant to electric shocks. (rElec)
You are resistant to unholy torment.
You are immune to petrification.


   Skills:
 - Level 3.2 Fighting
 + Level 2.9 Axes
 - Level 3.2 Armour
 - Level 3.2 Shields


You had one spell level left.
You didn't know any spells.
Your spell library was empty.

Inventory:

Hand Weapons
 g - a +0 flail
 Y - a +0 war axe (weapon)
Armour
 c - a +0 buckler (worn)
 e - a +0 chain mail (worn)
Potions
 d - a potion of might
 f - a potion of degeneration {unknown}

Dungeon Overview and Level Annotations

Branches:
Dungeon (2/15)

Altars:


Message History

You barely miss the adder.
The black bear bites you but does no damage.
The black bear barely misses you. The black bear closely misses you.
The adder bites you. You block the black bear's attack.
The black bear claws you.
The black bear claws you but does no damage.
You hit the black bear but do no damage.
The black bear is heavily wounded.
You hit the adder. The adder bites you but does no damage.
The black bear completely misses you. The black bear barely misses you.
You block the black bear's attack. The adder barely misses you.
You slash the black bear!
The black bear is severely wounded.
You barely miss the adder. The adder bites you but does no damage.
The black bear goes berserk!
The adder bites you but does no damage. The black bear barely misses you.
The black bear claws you but does no damage.
The black bear claws you.
You hit the black bear.
The black bear is almost dead.
You hit the adder. The adder bites you but does no damage.
The black bear bites you. You block the black bear's attack.
The black bear claws you. The adder bites you but does no damage.
The black bear bites you but does no damage.
The black bear completely misses you. The black bear claws you.
You barely miss the black bear.
The black bear is almost dead.
You closely miss the adder. The black bear closely misses you.
The black bear barely misses you. x2
The adder bites you but does no damage.
The black bear bites you but does no damage.
You block the black bear's attack. The black bear barely misses you.
The adder bites you but does no damage.
You hit the black bear.
The black bear is almost dead.
You closely miss the adder. The black bear bites you.
You die...

#. #......# # .. #.#
#......#### ... #.#
#.......... S..# #.#
#......####
....##.#######.....#
.....#...........#
#..#.#####.....#
#Sh..# #.....#
##@.## ####### #>##
###


You could see a black bear (berserk) and an adder.

Vanquished Creatures
  A ball python (D:1)
  3 bats
  An endoplasm (D:1)
  5 jackals (D:1)
  2 kobolds (D:1)
  2 quokkas (D:1)
  A frilled lizard (D:1)
  2 rats (D:1)
17 creatures vanquished.

Notes
Turn   | Place    | Note
-------+----------+-------------------------------------------
     0 | D:1      | qw the Gargoyle Fighter began the quest for the Orb.
     0 | D:1      | Reached XP level 1. HP: 14/14 MP: 1/1
     0 | D:1      | 0 ||| qw: Version: 0.2-a-107-g4668610
     0 | D:1      | 0 ||| qw: Game counter: 1297
     0 | D:1      | 0 ||| qw: Always use a shield: true
     0 | D:1      | 0 ||| qw: God list: Okawaru
     0 | D:1      | 0 ||| qw: Allow faded altars: false
     0 | D:1      | 0 ||| qw: Do Orc after D:15 true
     0 | D:1      | 0 ||| qw: Do second Lair branch before Depths: true
     0 | D:1      | 0 ||| qw: Lair rune preference: random
     0 | D:1      | 0 ||| qw: Plans: Normal, Zot:1-4, Slime:5, God:TSO, Crypt,
                  | Tomb, Abyss, Pan, Hells, Win
     0 | D:1      | 0 ||| PLANNING D:1-11
   278 | D:1      | Reached XP level 2. HP: 19/19 MP: 2/2
   459 | D:1      | 459 ||| DROPPING +0 mace.
   793 | D:1      | 793 ||| Stepping ~*~*~tactically~*~*~ (hiding).
   794 | D:1      | 794 ||| Stepping ~*~*~tactically~*~*~ (hiding).
  1018 | D:1      | 1018 ||| UPGRADING to +0 chain mail.
  1028 | D:1      | 1028 ||| DROPPING +0 scale mail.
  1029 | D:1      | 1029 ||| READING scroll labelled JYUPHU OKENN.
  1075 | D:2      | Noticed a black bear
  1079 | D:2      | 1079 ||| Stepping ~*~*~tactically~*~*~ (stealth).
  1085 | D:2      | HP: 3/19 [black bear (5)]
  1085 | D:2      | HP: 1/19 [black bear (1)]
  1087 | D:2      | Slain by a black bear

Levels and vault maps discovered:
D:1:      dpeg_arrival_round_b, layout_loops_corners, minmay_tromino_mix6
D:2:      layout_basic, nicolae_shop_vocational, uniq_sigmund

Skill      XL: |  1 |
---------------+----+-----
Axes           | 2 |  2.9
Fighting       | |  3.2
Armour         | |  3.2
Shields        | |  3.2

Action                     || total
---------------------------++-------
  Melee: War axe           ||    60
    Use: Scroll            ||     1
 Armour: Scale mail        ||    39
         Chain mail        ||    16
  Dodge: Dodged            ||    35
  Block: Buckler           ||    13

Table legend:
 A = Non-vault XP
 B = Vault XP
 C = Vault XP percentage of total XP
 D = Non-vault monster count
 E = Vault monster count
 F = Vault count percentage of total count
                 A         B        C        D         E       F
            +---------+---------+-------+---------+---------+-------
      Total |      23 |       5 |  17.9 |      14 |       3 |  17.6
            +---------+---------+-------+---------+---------+-------
        D:1 |      22 |       5 |  18.5 |      13 |       3 |  18.8
        D:2 |       1 |       0 |   0.0 |       1 |       0 |   0.0
            +---------+---------+-------+---------+---------+-------
